PL
BUCKHEAD BOWTIES @ RICHARDSON CITY THUNDERCATS
06/28/2025
 
TOP OF THE 1ST
Buckhead Bowties batting - Pitching for Richardson City Thundercats : RHP Cordell Wilson
Pitching: RHP Cordell Wilson
Batting: RHB Dave King 0-0: Ball
1-0: Foul Ball, location: 2F
1-1: Fly out, F5 (Popup, 5L)
Batting: LHB Gregg Young 0-0: Foul Ball, location: 2F
0-1: Called Strike
0-2: Strikes out looking
Batting: LHB Manuel Carmona 0-0: Ball
1-0: Foul Ball, location: 2F
1-1: Ball
2-1: SINGLE (Flyball, 9S)
Batting: LHB Mysterious Walker 0-0: Ball
1-0: Fly out, F3 (Popup, 3L)
Top of the 1st over - 0 run(s), 1 hit(s), 0 error(s), 1 left on base; Buckhead 0 - Richardson City 0
BOTTOM OF THE 1ST
Richardson City Thundercats batting - Pitching for Buckhead Bowties : RHP Germán Rodríguez
Pitching: RHP Germán Rodríguez
Batting: RHB Chriss Mann 0-0: Ball
1-0: Ball
2-0: Foul Ball, location: 2F
2-1: Swinging Strike
2-2: Foul Ball, location: 2F
2-2: Ball
3-2: Foul Ball, location: 2F
3-2: Base on Balls
Batting: RHB Juan Cabrera 0-0: Foul Ball, location: 2F
0-1: SINGLE (Line Drive, 56D)
Chriss Mann to second
Batting: LHB Terrence Eler 0-0: Called Strike
0-1: Called Strike
0-2: Ball
1-2: Fly out, F9 (Flyball, 89D)
Runner from 2nd tags up, SAFE at 3rd, no throw
Batting: SHB Seishiro Nishimura 0-0: Foul Ball, location: 2F
0-1: Ball
1-1: Ball
2-1: Foul Ball, location: 2F
2-2: Foul Ball, location: 2F
2-2: Ground out 4-3 (Groundball, 34D)
Chriss Mann scores
Juan Cabrera to second
Batting: LHB Eduardo Álvarez 0-0: Foul Ball, location: 2F
0-1: Called Strike
0-2: Ball
1-2: Ball
2-2: Foul Ball, location: 2F
2-2: DOUBLE (Flyball, 89XD)
Juan Cabrera scores
Batting: SHB Mitch Qualtrough 0-0: Ball
1-0: SINGLE (Groundball, 4MD)
Eduardo Álvarez to third
Runner from 3rd tries for Home, SAFE, no throw
Batting: RHB Nate Cates 0-0: Ball
Mitch Qualtrough steals 2nd base
1-0: Foul Ball, location: 2F
1-1: Ball
2-1: Ground out 4-3 (Groundball, 4)
Bottom of the 1st over - 3 run(s), 3 hit(s), 0 error(s), 1 left on base; Buckhead 0 - Richardson City 3
TOP OF THE 2ND
Buckhead Bowties batting - Pitching for Richardson City Thundercats : RHP Cordell Wilson
Batting: RHB Gabriel Rodríguez 0-0: Called Strike
0-1: Foul Ball, location: 2F
0-2: Foul Ball, location: 2F
0-2: Ball
1-2: Strikes out looking
Batting: LHB Tony Martínez 0-0: Ball
1-0: Foul Ball, location: 2F
1-1: Ball
2-1: Fly out, F8 (Flyball, 8LS)
Batting: RHB Enrique Marroquín 0-0: Fly out, F4 (Popup, 4MD)
Top of the 2nd over - 0 run(s), 0 hit(s), 0 error(s), 0 left on base; Buckhead 0 - Richardson City 3
BOTTOM OF THE 2ND
Richardson City Thundercats batting - Pitching for Buckhead Bowties : RHP Germán Rodríguez
Batting: RHB José Cruz 0-0: Ball
1-0: Ball
2-0: Foul Ball, location: 2F
2-1: Foul Ball, location: 2F
2-2: Strikes out swinging
Batting: LHB Fernando Ramírez 0-0: Called Strike
0-1: Ball
1-1: Ball
2-1: SINGLE (Groundball, 4MD)
Batting: RHB Chriss Mann 0-0: Fly out, F5 (Line Drive, 5L)
Batting: RHB Juan Cabrera 0-0: Ball
1-0: Called Strike
1-1: Ball
2-1: Ball
3-1: Called Strike
3-2: Base on Balls
Fernando Ramírez to second
Batting: LHB Terrence Eler 0-0: Foul Ball, location: 2F
0-1: Called Strike
0-2: Fly out, F7 (Line Drive, 7)
Bottom of the 2nd over - 0 run(s), 1 hit(s), 0 error(s), 2 left on base; Buckhead 0 - Richardson City 3
TOP OF THE 3RD
Buckhead Bowties batting - Pitching for Richardson City Thundercats : RHP Cordell Wilson
Batting: RHB Chris Smith 0-0: Ball
1-0: Ground out 5-3 (Groundball, 5)
Batting: RHB Israel Sanders 0-0: Called Strike
0-1: SINGLE (Groundball, 56S) (infield hit)
Batting: RHB Dave King 0-0: Foul Ball, location: 2F
0-1: Swinging Strike
0-2: Ball
1-2: Ball
2-2: Foul Ball, location: 2F
2-2: Strikes out swinging
Israel Sanders steals 2nd base
Batter strikes out.
Batting: LHB Gregg Young 0-0: Ball
1-0: Ball
2-0: Called Strike
2-1: Called Strike
2-2: Ball
3-2: Ground out 4-3 (Groundball, 34)
Top of the 3rd over - 0 run(s), 1 hit(s), 0 error(s), 1 left on base; Buckhead 0 - Richardson City 3
BOTTOM OF THE 3RD
Richardson City Thundercats batting - Pitching for Buckhead Bowties : RHP Germán Rodríguez
Batting: SHB Seishiro Nishimura 0-0: Fly out, F5 (Line Drive, 5)
Batting: LHB Eduardo Álvarez 0-0: Called Strike
0-1: Foul Ball, location: 2F
0-2: Ball
1-2: Strikes out looking
Batting: SHB Mitch Qualtrough 0-0: Reached on error, E3 (Groundball, 34)
Pitching: RHP Joshua Long
Batting: RHB Nate Cates 0-0: Ball
Mitch Qualtrough is caught stealing 2nd base
Bottom of the 3rd over - 0 run(s), 0 hit(s), 1 error(s), 0 left on base; Buckhead 0 - Richardson City 3
TOP OF THE 4TH
Buckhead Bowties batting - Pitching for Richardson City Thundercats : RHP Cordell Wilson
Batting: LHB Manuel Carmona 0-0: Ball
1-0: Fly out, F6 (Popup, 56D)
Batting: LHB Mysterious Walker 0-0: Foul Ball, location: 2F
0-1: Foul Ball, location: 2F
0-2: Foul Ball, location: 2F
0-2: Foul Ball, location: 2F
0-2: Strikes out swinging
Batting: RHB Gabriel Rodríguez 0-0: Called Strike
0-1: Ball
1-1: Ball
2-1: Ball
3-1: Base on Balls
Batting: LHB Tony Martínez 0-0: Fly out, F6 (Popup, 6MD)
Top of the 4th over - 0 run(s), 0 hit(s), 0 error(s), 1 left on base; Buckhead 0 - Richardson City 3
BOTTOM OF THE 4TH
Richardson City Thundercats batting - Pitching for Buckhead Bowties : RHP Joshua Long
Batting: RHB Nate Cates 0-0: Called Strike
0-1: Foul Ball, location: 2F
0-2: Foul Ball, location: 2F
0-2: Ball
1-2: Ball
2-2: Ball
3-2: Fly out, F9 (Flyball, 9LM)
Batting: RHB José Cruz 0-0: SINGLE (Flyball, 8LS)
Batting: LHB Fernando Ramírez 0-0: Ball
1-0: Ball
José Cruz steals 2nd base
2-0: Ball
3-0: Called Strike
3-1: Foul Ball, location: 2F
3-2: Ground out 3-1 (Groundball, 34)
José Cruz to third
Batting: RHB Chriss Mann 0-0: Foul Ball, location: 2F
0-1: Ball
1-1: Swinging Strike
1-2: Ball
2-2: Ball
3-2: Fly out, F7 (Flyball, 78D)
Bottom of the 4th over - 0 run(s), 1 hit(s), 0 error(s), 1 left on base; Buckhead 0 - Richardson City 3
TOP OF THE 5TH
Buckhead Bowties batting - Pitching for Richardson City Thundercats : RHP Cordell Wilson
Batting: RHB Enrique Marroquín 0-0: Called Strike
0-1: Ball
1-1: Called Strike
1-2: Ground out 1-3 (Groundball, P)
Batting: RHB Chris Smith 0-0: Ball
1-0: Ball
2-0: Foul Ball, location: 2F
2-1: Foul Ball, location: 2F
2-2: Strikes out swinging
Batting: RHB Israel Sanders 0-0: Ball
1-0: Called Strike
1-1: Ball
2-1: Ball
3-1: Called Strike
3-2: Foul Ball, location: 2F
3-2: Ground out 5-3 (Groundball, 56)
Top of the 5th over - 0 run(s), 0 hit(s), 0 error(s), 0 left on base; Buckhead 0 - Richardson City 3
BOTTOM OF THE 5TH
Richardson City Thundercats batting - Pitching for Buckhead Bowties : RHP Joshua Long
Batting: RHB Juan Cabrera 0-0: Foul Ball, location: 2F
0-1: Ground out 4-3 (Groundball, 4MS)
Batting: LHB Terrence Eler 0-0: Ball
1-0: Foul Ball, location: 2F
1-1: Fly out, F8 (Flyball, 8LD)
Batting: SHB Seishiro Nishimura 0-0: Ground out 4-3 (Groundball, 34)
Bottom of the 5th over - 0 run(s), 0 hit(s), 0 error(s), 0 left on base; Buckhead 0 - Richardson City 3
TOP OF THE 6TH
Buckhead Bowties batting - Pitching for Richardson City Thundercats : RHP Cordell Wilson
Batting: RHB Dave King 0-0: Ball
1-0: Ground out 5-3 (Groundball, 56S)
Batting: LHB Gregg Young 0-0: Called Strike
0-1: Swinging Strike
0-2: Fly out, F9 (Flyball, 9S)
Batting: LHB Manuel Carmona 0-0: Fly out, F9 (Line Drive, 9)
Top of the 6th over - 0 run(s), 0 hit(s), 0 error(s), 0 left on base; Buckhead 0 - Richardson City 3
BOTTOM OF THE 6TH
Richardson City Thundercats batting - Pitching for Buckhead Bowties : RHP Joshua Long
Batting: LHB Eduardo Álvarez 0-0: Called Strike
0-1: Ball
1-1: Ball
2-1: Called Strike
2-2: Ball
3-2: Foul Ball, location: 2F
3-2: Hit by Pitch
Batting: SHB Mitch Qualtrough 0-0: Sac Bunt - play at first, batter OUT! 1-3
Eduardo Álvarez to second
Batting: RHB Nate Cates 0-0: Ball
Throwing error on steal attempt, E2
Eduardo Álvarez scores
1-0: Called Strike
1-1: SINGLE (Groundball, 56D)
Batting: RHB José Cruz 0-0: Ball
1-0: Ball
2-0: Called Strike
2-1: 2-RUN HOME RUN (Flyball, 78XD), Distance : 407 ft
Batting: LHB Fernando Ramírez 0-0: Foul Ball, location: 2F
0-1: Called Strike
0-2: Fly out, F4 (Popup, 4D)
Batting: RHB Chriss Mann 0-0: SINGLE (Line Drive, 6M)
Batting: RHB Juan Cabrera Pickoff Throw to First - Error! E1
Chriss Mann to second
0-0: Ball
1-0: Ground out 1-3 (Groundball, 13)
Bottom of the 6th over - 3 run(s), 3 hit(s), 2 error(s), 1 left on base; Buckhead 0 - Richardson City 6
TOP OF THE 7TH
Buckhead Bowties batting - Pitching for Richardson City Thundercats : RHP Cordell Wilson
Batting: LHB Mysterious Walker 0-0: Called Strike
0-1: Swinging Strike
0-2: Ball
1-2: Strikes out swinging
Batting: RHB Gabriel Rodríguez 0-0: Ball
1-0: Called Strike
1-1: Called Strike
1-2: Ball
2-2: Strikes out looking
Batting: LHB Tony Martínez 0-0: Foul Ball, location: 2F
0-1: Ground out 4-3 (Groundball, 4)
Top of the 7th over - 0 run(s), 0 hit(s), 0 error(s), 0 left on base; Buckhead 0 - Richardson City 6
BOTTOM OF THE 7TH
Richardson City Thundercats batting - Pitching for Buckhead Bowties : RHP Joshua Long
Batting: LHB Terrence Eler 0-0: Called Strike
0-1: Ball
1-1: Reached on error, E4 (Groundball, 4)
Pitching: RHP Kyle Buckman
Batting: SHB Seishiro Nishimura 0-0: Ball
1-0: Ground out 4-3 (Groundball, 4)
Terrence Eler to third
Batting: LHB Eduardo Álvarez 0-0: Fly out, F3 (Popup, 3S)
Batting: SHB Mitch Qualtrough 0-0: Called Strike
0-1: Ball
1-1: Called Strike
1-2: Ball
2-2: Foul Ball, location: 2F
2-2: DOUBLE (Line Drive, 9LS)
Terrence Eler scores
Batting: RHB Nate Cates 0-0: Fly out, F8 (Flyball, 8RS)
Bottom of the 7th over - 1 run(s), 1 hit(s), 1 error(s), 1 left on base; Buckhead 0 - Richardson City 7
TOP OF THE 8TH
Buckhead Bowties batting - Pitching for Richardson City Thundercats : RHP Cordell Wilson
Batting: RHB Enrique Marroquín 0-0: Ball
1-0: Called Strike
1-1: Called Strike
1-2: Ball
2-2: Strikes out swinging
Batting: RHB Chris Smith 0-0: Foul Ball, location: 2F
0-1: Ball
1-1: Ball
2-1: Ball
3-1: Fly out, F4 (Popup, 4D)
Batting: RHB Israel Sanders 0-0: Ball
1-0: Called Strike
1-1: Foul Ball, location: 2F
1-2: Foul Ball, location: 2F
1-2: Ground out 5-3 (Groundball, 56S)
Top of the 8th over - 0 run(s), 0 hit(s), 0 error(s), 0 left on base; Buckhead 0 - Richardson City 7
BOTTOM OF THE 8TH
Richardson City Thundercats batting - Pitching for Buckhead Bowties : RHP Kyle Buckman
Batting: RHB José Cruz 0-0: Called Strike
0-1: Ball
1-1: Ground out 1-3 (Groundball, P)
Batting: LHB Fernando Ramírez 0-0: Ball
1-0: Ground out 3-1 (Groundball, 34)
Batting: RHB Chriss Mann 0-0: Ball
1-0: Ball
2-0: Ball
3-0: Base on Balls
Batting: RHB Juan Cabrera 0-0: Ball
1-0: Called Strike
Chriss Mann is caught stealing 2nd base
Bottom of the 8th over - 0 run(s), 0 hit(s), 0 error(s), 0 left on base; Buckhead 0 - Richardson City 7
TOP OF THE 9TH
Buckhead Bowties batting - Pitching for Richardson City Thundercats : RHP Cordell Wilson
Batting: RHB Dave King 0-0: Ball
1-0: Called Strike
1-1: Ball
2-1: Ball
3-1: Ground out 5-3 (Groundball, 5)
Batting: LHB Gregg Young 0-0: Called Strike
0-1: Called Strike
0-2: Ball
1-2: Ball
2-2: Strikes out swinging
Batting: LHB Manuel Carmona 0-0: Called Strike
0-1: Ball
1-1: Fly out, F9 (Flyball, 9S)
Top of the 9th over - 0 run(s), 0 hit(s), 0 error(s), 0 left on base; Buckhead 0 - Richardson City 7
Friday, December 30th, 2016 - OOTP Baseball 17.12 Build 75